 Dungeon Crawl Stone Soup version 0.31-a0-819-gf6de2f5ab6 (webtiles) character file.

Game seed: 17269699039859551713

7558 qw the Skirmisher (level 11, -4/72 HPs)
             Began as a Gargoyle Hunter on Sept 23, 2023.
             Killed by divine providence
             ... invoked by an orc priest
              (11 damage)
             ... on level 9 of the Dungeon.
             The game lasted 00:04:00 (8150 turns).

qw the Skirmisher (Gargoyle Hunter)                 Turns: 8150, Time: 00:04:00

Health: -4/72      AC: 17    Str: 22    XL:     11   Next: 17%
Magic:  11/11      EV: 14    Int:  9    God:
Gold:   427        SH:  0    Dex: 17    Spells: 10/10 levels left

rFire   . . .        Y - +2 orcbow (flame)
rCold   + . .        (shield currently unavailable)
rNeg    + + +        o - +2 robe {rC+}
rPois   inf          b - +0 helmet
rElec   +            (no cloak)
rCorr   .            (no gloves)
SInv    .            (no boots)
Will    .....        a - amulet of faith
Stlth   ++           h - ring "Ecufah" {rN++ AC+4}
HPRegen 0.32/turn    e - +6 ring of strength
MPRegen 0.12/turn

%: faith
@: flying
A: sickness immunity, AC +8, negative energy resistance 1, electricity
resistance, torment resistance 1, petrification resistance, big wings, mutation
resistance 2
a: no special abilities


You were on level 9 of the Dungeon.
You visited 2 branches of the dungeon, and saw 10 of its levels.

You collected 427 gold pieces.


Innate Abilities, Weirdness & Mutations

You are immune to sickness and miasma.
Your stone body is resilient. (AC +8)
You are immune to poison.
You resist negative energy. (rN+)
You are resistant to electric shocks. (rElec)
You are resistant to unholy torment.
You are immune to petrification.
Your large and strong wings let you fly.
You are somewhat resistant to both further mutation and mutation removal.


   Skills:
 + Level 9.8 Fighting
 - Level 14.1 Ranged Weapons
 - Level 1.4 Armour
 - Level 4.0 Dodging
 - Level 1.1 Stealth


You had 10 spell levels left.
You didn't know any spells.
Your spell library was empty.

Inventory:

Hand Weapons
 Y - a +2 orcbow of flaming (weapon)
Armour
 b - a +0 helmet (worn)
 c - a +1 robe of willpower
 o - a +2 robe of cold resistance (worn)
Jewellery
 a - an amulet of faith (around neck)
 e - a +6 ring of strength (right hand)
 h - the ring "Ecufah" (left hand) {rN++ AC+4}
   (You found it on level 8 of the Dungeon)

   [ring of protection]

   AC+4:      It affects your AC (+4).
   rN++:      It greatly protects you from negative energy.
 l - an amulet of reflection
Scrolls
 j - a scroll of identify
Potions
 d - a potion of mutation
 f - 2 potions of curing
 i - 3 potions of haste
 k - a potion of might
 p - 2 potions of enlightenment

Dungeon Overview and Level Annotations

Branches:
Dungeon (9/15)             Temple (1/1) D:4
   Lair: D:8-11         Orc: D:9-12

Altars:
Ashenzari
Cheibriados
Dithmenos
Elyvilon
Fedhas
Gozag
Makhleb
Nemelex Xobeh
Qazlal
Ru
Sif Muna
Trog
Uskayaw
Vehumet
Wu Jian
Xom
Zin
The Shining One

Shops:
D:2 ?   D:4 =


Message History

You shoot an arrow. The arrow hits the tengu warrior.
The arrow burns the tengu warrior.
The tengu warrior is severely wounded.
The tengu warrior hits you but does no damage.
The tengu warrior closely misses you.
The tengu warrior claws you but does no damage.
You shoot an arrow. The tengu warrior blocks the arrow.
The tengu warrior barely misses you.
The tengu warrior pecks you but does no damage.
The tengu warrior claws you.
You shoot an arrow.
The arrow closely misses the tengu warrior.
The tengu warrior closely misses you.
The tengu warrior pecks you but does no damage.
The tengu warrior closely misses you.
You shoot an arrow. The tengu warrior blocks the arrow.
You shoot an arrow. The arrow misses the tengu warrior.
The tengu warrior hits you but does no damage.
The tengu warrior pecks you but does no damage.
The tengu warrior closely misses you. The orc priest closely misses you.
You shoot an arrow.
The arrow completely misses the tengu warrior.
The tengu warrior hits you but does no damage.
The tengu warrior pecks you but does no damage.
The tengu warrior claws you but does no damage.
You shoot an arrow. The tengu warrior blocks the arrow.
The orc priest hits you with a +0 club.
The tengu warrior completely misses you.
The tengu warrior pecks you but does no damage.
The tengu warrior barely misses you.
You shoot an arrow.
The arrow closely misses the tengu warrior.
The orc priest misses you.
The tengu warrior hits you with a +0 long sword!
The tengu warrior pecks you but does no damage.
The tengu warrior closely misses you.
You shoot an arrow. The arrow misses the tengu warrior.
The orc priest invokes the aid of Beogh against you.
Beogh smites you!
You die...

¤~~...##. k~~~~¤¤.#
~~~~¤¤...~~~¤~~~..
~~¤¤~¤~¤~~~~~~~~..
~~~¤¤¤¤~~~¤¤¤¤~..#
~¤~~¤~¤~~~~~~~...#
.¤¤¤¤~~~¤¤¤¤¤....#
...~¤~¤¤¤¤¤......#
#.....¤~¤.....#'######
.......¤¤.##.##.@Q...###
##....)..........o.....##..
##.########......##....)..o
#...........)..####.)).....
#.###..##...)####........##
#...#..##?.####........###
....%.)##..##..........#
#...##.##..##..........#
...........##....##....#


You could see a tengu warrior and an orc priest.

Vanquished Creatures
  A two-headed ogre (D:9)
  A tengu warrior (D:9)
  Pikel (D:5)
  A manticore (D:9)
  Sigmund (D:3)
  3 wyverns
  2 water moccasins
  2 ice beasts (D:6)
  3 sky beasts
  A black bear (D:7)
  3 orc warriors
  2 centaurs
  3 ogres
  A phantom (D:5)
  4 bullfrogs
  3 lemures (D:5)
  5 kobold brigands
  Blork the orc (D:5)
  A gnoll sergeant (D:9)
  9 scorpions
  3 wights (D:8)
  16 killer bees
  5 howler monkeys
  2 jellies
  A gnoll bouda (D:7)
  6 orc priests
  5 hounds
  4 iguanas
  2 sleepcaps
  11 orc wizards
  12 gnolls
  10 adders
  A shadow imp (D:7)
  4 white imps
  A worm (D:2)
  5 dart slugs
  31 orcs
  11 ball pythons
  4 endoplasms
  7 giant cockroaches
  7 goblins
  5 hobgoblins
  5 quokkas
  16 bats
  9 frilled lizards
  12 kobolds
  5 rats
248 creatures vanquished.

Notes
Turn   | Place    | Note
-------+----------+-------------------------------------------
     0 | D:1      | qw the Gargoyle Hunter began the quest for the Orb.
     0 | D:1      | Reached XP level 1. HP: 12/12 MP: 1/1
     0 | D:1      | 0 ||| qw: Version: 0.3-a-83-gcd0e7d8
     0 | D:1      | 0 ||| qw: Game counter: 1447
     0 | D:1      | 0 ||| qw: Melee chars always use a shield: true
     0 | D:1      | 0 ||| qw: God list: Okawaru
     0 | D:1      | 0 ||| qw: Allow faded altars: false
     0 | D:1      | 0 ||| qw: Do Orc after clearing Dungeon:15 true
     0 | D:1      | 0 ||| qw: Do second Lair branch before Depths: true
     0 | D:1      | 0 ||| qw: Lair rune preference: random
     0 | D:1      | 0 ||| qw: Goals: Normal
     0 | D:1      | 0 ||| PLANNING D:1-11
     4 | D:1      | Found a sparkling altar of Nemelex Xobeh.
   126 | D:1      | Reached XP level 2. HP: 17/17 MP: 2/2
   439 | D:1      | Found a faded altar of an unknown god.
   537 | D:1      | Reached XP level 3. HP: 21/21 MP: 3/3
   552 | D:1      | Reached skill level 5 in Ranged Weapons
   901 | D:1      | 901 ||| READING scroll labelled BIFUSH CADU.
   902 | D:1      | 902 ||| READING scroll labelled GUGUUSHRAOCH.
   903 | D:1      | 903 ||| READING scroll labelled FINYMPAPUZ.
   904 | D:1      | 904 ||| DRINKING 2 fizzy silvery potions.
   904 | D:1      | Gained mutation: Your large and strong wings let you fly.
                  | [potion of mutation]
   904 | D:1      | Gained mutation: You are somewhat resistant to further
                  | mutation. [potion of mutation]
   904 | D:1      | Gained mutation: You are somewhat resistant to both further
                  | mutation and mutation removal. [potion of mutation]
   905 | D:1      | 905 ||| DROPPING scroll of butterflies.
  1001 | D:2      | Reached skill level 3 in Fighting
  1059 | D:2      | Reached XP level 4. HP: 16/28 MP: 4/4
  1569 | D:2      | 1569 ||| READING scroll of enchant weapon.
  1569 | D:2      | 1569 ||| ENCHANTING +1 shortbow.
  1651 | D:2      | Found The Oracle's Delphic Readings.
  1681 | D:2      | Reached XP level 5. HP: 29/32 MP: 5/5
  2037 | D:2      | 2037 ||| UPGRADING to +0 ring mail.
  2047 | D:2      | 2047 ||| DROPPING +0 leather armour.
  2048 | D:2      | 2048 ||| UPGRADING to amulet of reflection.
  2053 | D:2      | 2053 ||| READING scroll labelled LAASCHY TEOM.
  2054 | D:2      | 2054 ||| DRINKING 2 bubbling amethyst potions.
  2185 | D:3      | Found a blossoming altar of Fedhas.
  2209 | D:3      | Reached skill level 1 in Armour
  2221 | D:3      | Noticed Sigmund
  2237 | D:3      | Killed Sigmund
  2238 | D:3      | Reached skill level 7 in Ranged Weapons
  2238 | D:3      | Reached XP level 6. HP: 27/37 MP: 6/6
  2343 | D:3      | Found a sacrificial altar of Ru.
  2742 | D:3      | 2742 ||| UPGRADING to +1 hat.
  2747 | D:3      | 2747 ||| UPGRADING to +2 robe.
  2757 | D:3      | 2757 ||| DROPPING +0 ring mail.
  2758 | D:3      | 2758 ||| UPGRADING to +2 robe of cold resistance.
  2768 | D:3      | 2768 ||| DROPPING +2 robe.
  2769 | D:3      | 2769 ||| READING 2 scrolls labelled ZOL WAWNENG.
  2770 | D:3      | 2770 ||| DRINKING 3 glowing black potions.
  2771 | D:3      | 2771 ||| READING 2 scrolls of identify.
  2771 | D:3      | 2771 ||| IDENTIFYING sapphire potion
  2772 | D:3      | 2772 ||| DROPPING scroll of fog.
  2773 | D:3      | 2773 ||| DROPPING potion of brilliance.
  2801 | D:4      | Found Jifui's Jewellery Shoppe.
  2824 | D:4      | 2824 ||| SHOPLISTING +4 ring of protection (396 gold, have
                  | 175).
  2824 | D:4      | 2824 ||| SHOPLISTING +4 ring of slaying (858 gold, have
                  | 175).
  2824 | D:4      | 2824 ||| SHOPLISTING +5 ring of evasion (396 gold, have
                  | 175).
  2896 | D:4      | Reached XP level 7. HP: 43/43 MP: 7/7
  3214 | D:4      | Reached skill level 8 in Ranged Weapons
  3295 | D:4      | Identified the +1 robe "Aceczamaa" {Int+5 Dex-5}
  3700 | D:4      | Found a staircase to the Ecumenical Temple.
  3701 | D:4      | 3701 ||| PLANNING TEMPLE
  3701 | D:4      | 3701 ||| DROPPING +1 robe "Aceczamaa" {Int+5 Dex-5}.
  3702 | D:4      | 3702 ||| DROPPING amulet of magic regeneration.
  3703 | D:4      | 3703 ||| READING scroll labelled UHYLUY IFUPULL.
  3704 | D:4      | 3704 ||| READING scroll labelled ASACAGR HIACE.
  3709 | D:4      | 3709 ||| READING scroll labelled WYPOT WIETS.
  3710 | D:4      | 3710 ||| READING scroll labelled KOIHAOG SEIMN.
  3744 | D:4      | 3744 ||| READING scroll labelled YPUT ZOONEZAI.
  3806 | Temple   | Entered the Ecumenical Temple
  3807 | Temple   | 3807 ||| PLANNING D:1-11
  3825 | D:5      | Entered Level 5 of the Dungeon
  3848 | D:5      | 3848 ||| RETREEAATING.
  3857 | D:5      | Reached XP level 8. HP: 44/49 MP: 8/8
  3931 | D:5      | Reached skill level 9 in Ranged Weapons
  4057 | D:5      | Reached skill level 6 in Fighting
  4063 | D:5      | Noticed Pikel
  4064 | D:5      | 4064 ||| Stepping ~*~*~tactically~*~*~ (retreating).
  4067 | D:5      | 4067 ||| FLEEEEING.
  4085 | D:5      | 4085 ||| STAIRDANCE
  4150 | D:4      | 4150 ||| READING 2 scrolls of identify.
  4150 | D:4      | 4150 ||| IDENTIFYING bubbling brown potion
  4151 | D:4      | 4151 ||| DROPPING potion of magic.
  4174 | D:5      | 4174 ||| READING scroll of enchant weapon.
  4174 | D:5      | 4174 ||| ENCHANTING +2 shortbow.
  4185 | D:5      | 4185 ||| RETREEAATING.
  4186 | D:5      | 4186 ||| STILL RETREEAATING.
  4187 | D:5      | 4187 ||| STILL RETREEAATING.
  4188 | D:5      | 4188 ||| STILL RETREEAATING.
  4189 | D:5      | 4189 ||| STILL RETREEAATING.
  4190 | D:5      | 4190 ||| STILL RETREEAATING.
  4191 | D:5      | 4191 ||| STILL RETREEAATING.
  4192 | D:5      | 4192 ||| STILL RETREEAATING.
  4207 | D:5      | Killed Pikel
  4208 | D:5      | Reached skill level 10 in Ranged Weapons
  4208 | D:5      | Reached XP level 9. HP: 50/55 MP: 9/9
  4405 | D:5      | Noticed Blork the orc
  4411 | D:5      | Killed Blork the orc
  4456 | D:5      | Found a shimmering blue altar of Sif Muna.
  4464 | D:5      | 4464 ||| FLEEEEING.
  4465 | D:5      | 4465 ||| FLEEEEING.
  4466 | D:5      | 4466 ||| FLEEEEING.
  4485 | D:5      | 4485 ||| FLEEEEING.
  4514 | D:5      | Reached skill level 3 in Dodging
  4548 | D:5      | 4548 ||| UPGRADING to +0 helmet.
  4558 | D:5      | 4558 ||| DROPPING +1 hat.
  4559 | D:5      | 4559 ||| DRINKING 2 brown potions.
  4560 | D:5      | 4560 ||| DROPPING potion of degeneration.
  4600 | D:6      | 4600 ||| STAIRDANCE
  4616 | D:6      | 4616 ||| STAIRDANCE
  4669 | D:6      | 4669 ||| STAIRDANCE
  4680 | D:6      | 4680 ||| STAIRDANCE
  4735 | D:6      | 4735 ||| SWAPPING to +0 orcbow.
  4736 | D:6      | 4736 ||| DROPPING +3 shortbow.
  4875 | D:6      | 4875 ||| READING 2 scrolls of enchant weapon.
  4875 | D:6      | 4875 ||| ENCHANTING +0 orcbow.
  4876 | D:6      | 4876 ||| READING scroll of enchant weapon.
  4876 | D:6      | 4876 ||| ENCHANTING +1 orcbow.
  4887 | D:6      | Found a radiant altar of Vehumet.
  5177 | D:6      | Reached skill level 11 in Ranged Weapons
  5269 | D:6      | 5269 ||| DRINKING 2 potions of curing.
  5269 | D:6      | 5269 ||| (to cure confusion)
  5372 | D:6      | Found a shimmering altar of Xom.
  5498 | D:6      | 5498 ||| UPGRADING to +6 ring of strength.
  5499 | D:6      | 5499 ||| READING scroll labelled NONLORY FYRREL.
  5500 | D:6      | 5500 ||| READING scroll labelled LYLUOWOALL.
  5501 | D:6      | 5501 ||| DRINKING 2 glowing emerald potions.
  5543 | D:7      | 5543 ||| Stepping ~*~*~tactically~*~*~ (retreating).
  5550 | D:7      | HP: 12/59 [gnoll/+0 halberd[a gnoll bouda] (3)]
  5551 | D:7      | 5551 ||| DRINKING 2 potions of heal wounds.
  5554 | D:7      | 5554 ||| DRINKING potion of heal wounds.
  5557 | D:7      | HP: 13/59 [gnoll/+0 halberd[a gnoll bouda] (3)]
  5567 | D:7      | HP: 11/59 [something (1)]
  5577 | D:7      | 5577 ||| FLEEEEING.
  5578 | D:7      | 5578 ||| FLEEEEING.
  5579 | D:7      | 5579 ||| STAIRDANCE
  5801 | D:7      | Reached XP level 10. HP: 64/64 MP: 10/10
  5809 | D:7      | Reached skill level 12 in Ranged Weapons
  6453 | D:7      | Found a sparkling altar of Nemelex Xobeh.
  6864 | D:7      | 6864 ||| DRINKING 3 emerald potions.
  6865 | D:7      | 6865 ||| READING 2 scrolls of identify.
  6865 | D:7      | 6865 ||| IDENTIFYING silvery potion
  6903 | D:8      | 6903 ||| STAIRDANCE
  6927 | D:8      | 6927 ||| STAIRDANCE
  6974 | D:8      | 6974 ||| STAIRDANCE
  7087 | D:8      | Reached skill level 13 in Ranged Weapons
  7198 | D:8      | Identified the ring "Ecufah" {rN++ AC+4}
  7277 | D:8      | 7277 ||| FLEEEEING.
  7278 | D:8      | 7278 ||| FLEEEEING.
  7279 | D:8      | 7279 ||| STAIRDANCE
  7346 | D:7      | 7346 ||| UPGRADING to amulet of faith.
  7356 | D:7      | 7356 ||| UPGRADING to ring of positive energy.
  7357 | D:7      | 7357 ||| UPGRADING to ring "Ecufah" {rN++ AC+4}.
  7359 | D:7      | 7359 ||| REMOVING ring of positive energy.
  7360 | D:7      | 7360 ||| DROPPING ring of positive energy.
  7361 | D:7      | 7361 ||| UPGRADING to +6 ring of strength.
  7362 | D:7      | 7362 ||| READING 2 scrolls of identify.
  7362 | D:7      | 7362 ||| IDENTIFYING bubbling purple potion
  7363 | D:7      | 7363 ||| DROPPING potion of ambrosia.
  7510 | D:8      | Reached skill level 9 in Fighting
  7735 | D:8      | 7735 ||| READING scroll labelled LEZXA NAESUN.
  7779 | D:9      | 7779 ||| RETREEAATING.
  7782 | D:9      | 7782 ||| FLEEEEING.
  7782 | D:9      | Noticed a two-headed ogre
  7783 | D:9      | 7783 ||| STILL RETREEAATING.
  7793 | D:9      | Killed a two-headed ogre
  7949 | D:9      | Noticed a manticore
  7953 | D:9      | Killed a manticore
  7954 | D:9      | Reached skill level 14 in Ranged Weapons
  7954 | D:9      | Reached XP level 11. HP: 57/71 MP: 11/11
  8071 | D:9      | Noticed a lindwurm
  8077 | D:9      | Noticed a tengu warrior
  8088 | D:9      | Killed a tengu warrior
  8091 | D:9      | 8091 ||| FLEEEEING.
  8092 | D:9      | 8092 ||| FLEEEEING.
  8115 | D:9      | Noticed a tengu warrior
  8139 | D:9      | HP: 18/72 [tengu warrior/+0 long sword (5)]
  8148 | D:9      | HP: 18/72 [orc priest/+0 club (2)]
  8149 | D:9      | HP: 7/72 [tengu warrior/+0 long sword (11)]
  8150 | D:9      | Killed from afar by an orc priest

Levels and vault maps discovered:
D:1:      sevenhm_arrival_forest_fort_small_6, layout_basic,
          shapermc_ecumenical_altar_mp_highgroup, amcnicky_mini_corridor_feature
D:2:      layout_loops_corners, nicolae_nh_oracle_at_delphi
D:3:      layout_basic, mainiacjoe_overflow_24_doors, lemuel_doored_altar,
          kennysheep_generic_room_15, uniq_sigmund
D:4:      layout_basic, temple_green, minmay_shop_enchanted_jewellery,
          minivault_23
D:5:      layout_rooms, led_sif_book, uniq_pikel, uniq_blork_the_orc
D:6:      minmay_diamond_boxcup, layout_gridville, nicolae_vehumet_radiance,
          lemuel_round_altar
D:7:      layout_layer_cave, overflow_temple_1_default, uniq_crazy_yiuf_cottage
D:8:      old_forge, layout_cave_pools, hangedman_decor_growths
D:9:      layout_basic, lemuel_round_altar, lemuel_tele_altar,
          okawaru_ov_weapons_minmay, st_stairs_9, nicolae_two_hexagons,
          small_statue_intersection, minmay_lindwurm_lava
Temple:   hellmonk_temple_two_chambers

Skill      XL: |  1  2  3  4  5  6  7  8  9 10 |
---------------+-------------------------------+-----
Ranged Weapons | 5 7 8 10 11 14 | 14.1
Fighting       | 3 4 5 6 8 9 |  9.8
Armour         | 1 |  1.4
Dodging        | 2 3 4 |  4.0
Stealth        | |  1.1

Action                     |  1- 3 |  4- 6 |  7- 9 | 10-12 || total
---------------------------+-------+-------+-------+-------++-------
   Fire: Shortbow          |   113 |   150 |   268 |       ||   531
         Orcbow            |       |       |   179 |   300 ||   479
    Use: Scroll            |     3 |     4 |    11 |     3 ||    21
         Potion            |     1 |     2 |     5 |     1 ||     9
 Armour: Leather armour    |    35 |    31 |       |       ||    66
         Ring mail         |       |    29 |       |       ||    29
         Robe              |       |     1 |   166 |   122 ||   289
  Dodge: Dodged            |    35 |    42 |   124 |   115 ||   316
  Block: Other             |       |    10 |    46 |    19 ||    75
         Reflection        |       |       |     2 |       ||     2

Table legend:
 A = Non-vault XP
 B = Vault XP
 C = Vault XP percentage of total XP
 D = Non-vault monster count
 E = Vault monster count
 F = Vault count percentage of total count
                 A         B        C        D         E       F
            +---------+---------+-------+---------+---------+-------
      Total |    7845 |    2953 |  27.3 |     214 |      31 |  12.7
            +---------+---------+-------+---------+---------+-------
        D:1 |      57 |       0 |   0.0 |      31 |       0 |   0.0
        D:2 |     116 |      15 |  11.5 |      22 |       2 |   8.3
        D:3 |      95 |     226 |  70.4 |      18 |       1 |   5.3
        D:4 |     645 |       0 |   0.0 |      27 |       0 |   0.0
        D:5 |     822 |     751 |  47.7 |      15 |       4 |  21.1
        D:6 |     721 |     646 |  47.3 |      14 |       8 |  36.4
        D:7 |    1869 |       0 |   0.0 |      42 |       0 |   0.0
        D:8 |    1483 |     301 |  16.9 |      27 |      13 |  32.5
        D:9 |    2037 |    1014 |  33.2 |      18 |       3 |  14.3
            +---------+---------+-------+---------+---------+-------
